 Dungeon Crawl Stone Soup version 0.23-a0-636-g0ff6057 (console) character file.

38 Duffy the Conjurer (level 3, 0/24 HPs)
             Began as a Demonspawn Fire Elementalist on Dec 28, 2018.
             Slain by a worm (7 damage)
             ... on level 2 of the Dungeon.
             The game lasted 00:01:16 (1721 turns).

Duffy the Conjurer (Demonspawn Fire Elementalist)   Turns: 1721, Time: 00:01:17

Health: 0/24       AC:  2    Str:  8    XL:     3   Next: 25%
Magic:  2/6        EV: 12    Int: 17    God:
Gold:   81         SH:  0    Dex: 13    Spells: 2/6 levels left

rFire    . . .     SeeInvis .   (no weapon)
rCold    . . .     Gourm    .   (no shield)
rNeg     . . .     Faith    .   a - +0 robe
rPois    .         Spirit   .   (helmet restricted)
rElec    .         Reflect  .   (no cloak)
rCorr    .         Harm     .   (no gloves)
MR       .....                  (no boots)
Stlth    ++........             d - amulet of magic regeneration
HPRegen  0.08/turn              (no ring)
MPRegen  0.35/turn              (no ring)

@: no status effects
A: antennae 1
a: no special abilities


You were on level 2 of the Dungeon.
You were hungry.

You visited 1 branch of the dungeon, and saw 2 of its levels.

You collected 81 gold pieces.

Inventory:

Armour
 a - a +0 robe (worn)
Jewellery
 d - an amulet of magic regeneration (around neck)
Scrolls
 f - a scroll of magic mapping {unknown}
 g - a scroll of random uselessness {unknown}
 h - 2 scrolls of enchant weapon {unknown}
 k - a scroll of fog {unknown}
Potions
 b - a potion of agility {unknown}
 e - a potion of flight {unknown}
 j - a potion of invisibility {unknown}
Comestibles
 c - a ration
 i - 2 chunks of flesh


   Skills:
 - Level 1.7 Dodging
 - Level 1.7 Stealth
 + Level 2.1 Spellcasting
 + Level 2.9 Conjurations
 + Level 2.8 Fire Magic


You had 2 spell levels left.
You knew the following spells:

 Your Spells              Type           Power        Failure   Level  Hunger
h - Flame Tongue          Conj/Fire      ##...        6%          1    #......
l - Conjure Flame         Conj/Fire      ##......     17%         3    ###....

Your spell library contained the following spells:

 Spells                   Type           Power        Failure   Level  Hunger
 Throw Flame              Conj/Fire      ##....       9%          2    ###....
 Inner Flame              Hex/Fire       #.......     32%         3    ###....
 Sticky Flame             Conj/Fire      ##......     50%         4    #####..
 Fireball                 Conj/Fire      ##........   85%         5    ######.


Dungeon Overview and Level Annotations

Branches:
Dungeon (2/15)

Altars:
Kikubaaqudgha


Innate Abilities, Weirdness & Mutations

You have a pair of small antennae on your head.


Message History

The flame tongue hits the worm.
The worm is almost dead.
The worm bites you!
* * * LOW HITPOINT WARNING * * *
Casting: Flame Tongue (safe; 6% risk of failure)
Confirm with . or Enter, or press ? or * to list all spells.
Aiming: Flame Tongue (safe; 6% risk of failure)
Press: ? - help, Shift-Dir - straight line, f/p - worm
Aim: a worm (almost dead)
The flame tongue misses the worm.
Casting: Flame Tongue (safe; 6% risk of failure)
Confirm with . or Enter, or press ? or * to list all spells.
Aiming: Flame Tongue (safe; 6% risk of failure)
Press: ? - help, Shift-Dir - straight line, f/p - worm
Aim: a worm (almost dead)
The flame tongue hits the worm.
The worm is almost dead.
You are feeling hungry.
The worm bites you!
You die...

####.###..####.#
.....).........#
####.###.>#.##.#
#.###.(#.##.#####
####.. ##.##.......#
#.....##...##......##
#....##.....##.......
#....#.......#.......
#..w@...._...........
#....#.%.....#.....#.
####.##.....##.....#.
#.###...##.##.###.
#.. ##.###. #. #. ###
#..# #. #. #... ###


You could see a worm.

Vanquished Creatures
  2 oozes
  A dart slug (D:1)
  5 bats (D:1)
  A giant cockroach (D:1)
  5 goblins
  2 hobgoblins (D:1)
  3 jackals (D:1)
  5 rats (D:1)
24 creatures vanquished.

Notes
Turn   | Place    | Note
-------+----------+-------------------------------------------
     0 | D:1      | Duffy the Demonspawn Fire Elementalist began the quest for
                  | the Orb.
     0 | D:1      | Reached XP level 1. HP: 13/13 MP: 3/3
   675 | D:1      | Gained mutation: You have a pair of small antennae on your
                  | head. [demonic ancestry]
   675 | D:1      | Reached XP level 2. HP: 5/19 MP: 0/5
  1429 | D:1      | Reached XP level 3. HP: 24/24 MP: 3/6
  1568 | D:1      | Learned a level 3 spell: Conjure Flame
  1700 | D:2      | Found an ancient bone altar of Kikubaaqudgha.
  1721 | D:2      | Slain by a worm

Vault maps used:
D:1:      mrwooster_arrival_statue_3, palyth_stone_intersect
D:2:      lemuel_round_altar, chequers_ecumenical_altar_twisty,
          minmay_quadrilaterals, uniq_sigmund

Skill      XL: |  1 |
---------------+----+-----
Conjurations   | 2 |  2.9
Dodging        | |  1.7
Stealth        | |  1.7
Spellcasting   | |  2.1
Fire Magic     | |  2.8

Action                   || total
-------------------------++-------
Melee: Unarmed           ||    32
 Cast: Flame Tongue      ||    55
  Eat: Chunk             ||     3
Armor: Robe              ||    18
Dodge: Dodged            ||    54

Table legend:
 A = Non-vault XP
 B = Vault XP
 C = Vault XP percentage of total XP
 D = Non-vault monster count
 E = Vault monster count
 F = Vault count percentage of total count
                 A         B        C        D         E       F
            +---------+---------+-------+---------+---------+-------
      Total |      55 |       0 |   0.0 |      24 |       0 |   0.0
            +---------+---------+-------+---------+---------+-------
        D:1 |      46 |       0 |   0.0 |      22 |       0 |   0.0
        D:2 |       9 |       0 |   0.0 |       2 |       0 |   0.0
            +---------+---------+-------+---------+---------+-------
